 Dungeon Crawl Stone Soup version 0.21.1-1-g345015fe64 (webtiles) character file.

2150 DarkMoon the Nimble (level 9, -6/39 HPs)
             Began as a Spriggan Enchanter on Apr 28, 2018.
             Was an Initiate of Gozag.
             Mangled by a wight
             ... wielding a cursed +3 halberd of freezing
              (7 damage)
             ... on level 7 of the Dungeon on Apr 29, 2018.
             The game lasted 00:38:20 (8153 turns).

DarkMoon the Nimble (Spriggan Enchanter)            Turns: 8153, Time: 00:38:28

Health: -6/39      AC:  2    Str:  4    XL:     9   Next: 10%
Magic:  10/19      EV: 25    Int: 19    God:    Gozag
Gold:   751        SH:  0    Dex: 17    Spells: 8/20 levels left

rFire    . . .     SeeInvis +   E - +4 Vampire's Tooth {vamp}
rCold    . . .     Gourm    .   (shield restricted)
rNeg     . . .     Faith    .   b - +0 robe
rPois    .         Spirit   .   (helmet restricted)
rElec    .         Reflect  .   (no cloak)
rCorr    .         Harm     .   (gloves unavailable)
MR       +....                  (boots unavailable)
Stlth    ++++......             (no amulet)
HPRegen  0.13/turn              (no ring)
MPRegen  0.16/turn              (no ring)

@: drained, very quick
A: very small, unfitting armour, see invisible, herbivore, speed 3, slow
metabolism 2
a: Potion Petition, Call Merchant, Bribe Branch, Renounce Religion


You were on level 7 of the Dungeon.
You worshipped Gozag.
Gozag was pleased with you.
You were not hungry.

You visited 2 branches of the dungeon, and saw 8 of its levels.
You also visited: Ossuary.

You collected 786 gold pieces.
You paid 35 gold pieces to Gozag.

Inventory:

Hand Weapons
 m - the +5 quarterstaff "Myno" {drain, rF+++ Str-3 Int-4 SInv, unknown}
   (You found it on level 6 of the Dungeon)

   A truly terrible weapon, it drains the life of those it strikes.
   It affects your strength (-3).
   It affects your intelligence (-4).
   It renders you almost immune to fire.
   It lets you see invisible.
 t - a cursed -3 dagger
 E - the +4 Vampire's Tooth (weapon) {vamp}
   (You found it on level 5 of the Dungeon)

   It inflicts no extra harm, but heals its wielder when it wounds a living foe.
Missiles
 i - 253 stones (quivered)
 p - 22 sling bullets
 x - 11 poisoned needles
Armour
 b - a +0 robe (worn)
 u - a +0 buckler
Jewellery
 z - an uncursed ring of ice
Wands
 y - a wand of flame (18)
Scrolls
 e - 2 scrolls of teleportation
 f - 5 scrolls of remove curse
 g - 2 scrolls of fog
 j - a scroll of fear {unknown}
 k - a scroll of immolation {unknown}
 q - 3 scrolls of enchant weapon {unknown}
 v - 2 scrolls of enchant armour {unknown}
 A - a scroll of identify
 B - 3 scrolls of amnesia {unknown}
 D - a scroll of magic mapping {unknown}
 G - a scroll of vulnerability {unknown}
Potions
 a - 2 potions of magic
 h - 7 potions of curing
 l - 3 potions of might
 n - 3 potions of flight
 o - 2 potions of cancellation
 s - a potion of mutation {unknown}
 w - 2 potions of ambrosia
 C - a potion of invisibility {unknown}
Books
 c - a book of Maledictions

   Spells                             Type                      Level
   a - Corona                         Hexes                        1
   b - Ensorcelled Hibernation        Hexes/Ice                    2
   c - Confuse                        Hexes                        3
   d - Tukima's Dance                 Hexes                        3
   e - Dazzling Spray                 Conjuration/Hexes            3
 r - the Volume of Mutagenic Calling
   (You found it on level 7 of the Dungeon)

   Spells                             Type                      Level
   a - Summon Butterflies             Summoning                    1
   b - Beastly Appendage              Transmutation                1
   c - Call Imp                       Summoning                    2
   d - Yara's Violent Unravelling     Hexes/Transmutation          5
   e - Aura of Abjuration             Summoning                    5
   f - Shadow Creatures               Summoning                    6
Comestibles
 d - 6 rations


   Skills:
 + Level 4.8(4.4) Short Blades
 - Level 10.3(9.9) Dodging
 - Level 10.0(9.6) Stealth
 - Level 6.0(5.6) Spellcasting
 + Level 6.6(6.2) Hexes


You had 8 spell levels left.
You knew the following spells:

 Your Spells              Type           Power        Failure   Level  Hunger
a - Corona                Hex            ####...      1%          1    None
b - Ensorcelled Hibernat  Hex/Ice        ###...       4%          2    None
c - Confuse               Hex            ####....     2%          3    ##.....
d - Dazzling Spray        Conj/Hex       ###...       10%         3    ##.....
e - Tukima's Dance        Hex            ####....     2%          3    ##.....


Dungeon Overview and Level Annotations

Branches:
Dungeon (7/15)             Temple (1/1) D:5

Altars:
Ashenzari
Cheibriados
Dithmenos
Elyvilon
Fedhas
Gozag
Hepliaklqana
Kikubaaqudgha
Makhleb
Nemelex Xobeh
Okawaru
Qazlal
Ru
Sif Muna
Trog
Uskayaw
Vehumet
Wu Jian
Xom
Yredelemnul
Zin
The Shining One

Annotations:
D:7 mhilhors's ghost, novice MfTm


Innate Abilities, Weirdness & Mutations

You are very small and have problems with some larger weapons.
You are too small for most types of armour.
You have supernaturally acute eyesight. (SInv)
You are a herbivore.
You cover ground extremely quickly.
You need consume almost no food.


Message History

Casting: Confuse
Confirm with . or Enter, or press ? or * to list all spells.
Aiming: Confuse
Press: ? - help, Shift-Dir - straight line, f/p - wight
Aim: a wight, wielding a halberd of freezing and wearing a robe (chance to defeat MR: 59%)
The wight resists with significant effort.
The wight completely misses you.
Casting: Confuse
Confirm with . or Enter, or press ? or * to list all spells.
Aiming: Confuse
Press: ? - help, Shift-Dir - straight line, f/p - wight
Aim: a wight, wielding a halberd of freezing and wearing a robe (chance to defeat MR: 59%)
The wight appears confused.
The wight hits you with a halberd of freezing!
* * * LOW HITPOINT WARNING * * *
You feel drained.
* * * LOW HITPOINT WARNING * * *
The wight freezes you!
You die...
Your body crumbles into a pile of gold.

#...#...y...# #.# #....#.
#...#..########.## ##....#.
#...#..# #...# #....... ##...#.#
#...######..#.##) ###......#
#...........#.##. #.....>..#
#####[..#####.....##.
#.#...#..###...........#.....##.
......#......................##.
#.#.#.#..###...@.......#........
#.#.#.#..# ###.#z........##..###
#.......)# #.#...#.###...
#####.#### #.#...#.# ## #.#
#.#...#.# #.# #.##.##.# #.#
#.......#
######.###########.####
.............>##...### #


You could see a wight (confused).

Vanquished Creatures
  Grinder (D:6)
  A hippogriff (D:7)
  An ice beast (D:7)
  A phantom (D:4)
  A sky beast (D:5)
  2 ogres
  A centaur (D:5)
  2 elf zombies (Ossuary)
  2 bullfrogs
  5 killer bees (D:7)
  A howler monkey (D:4)
  A wight (D:7)
  2 vampire bats (D:5)
  A crimson imp (D:5)
  A human zombie (Ossuary)
  3 hounds
  A centaur skeleton (D:4)
  2 orc wizards (D:6)
  An iguana (D:7)
  5 worker ants
  A killer bee zombie (D:7)
  2 big kobold zombies (Ossuary)
  2 mummies (Ossuary)
  A howler monkey skeleton (D:4)
  7 adders
  A shadow imp (D:5)
  An ooze (D:1)
  5 dart slugs
  9 orcs
  4 giant cockroaches
  9 goblins
  5 hobgoblins
  16 jackals
  8 kobolds
  2 quokkas
  4 ball pythons
  15 bats
  6 frilled lizards
  2 goblin zombies (Ossuary)
  11 hobgoblin zombies (Ossuary)
  2 jackal zombies (Ossuary)
  8 kobold zombies (Ossuary)
  7 orc zombies (Ossuary)
  9 rats
  2 rat zombies (Ossuary)
174 creatures vanquished.

Vanquished Creatures (others)
  A killer bee (D:7)
1 creature vanquished.

Grand Total: 175 creatures vanquished

Notes
Turn   | Place    | Note
-------+----------+-------------------------------------------
     0 | D:1      | DarkMoon the Spriggan Enchanter began the quest for the Orb.
     0 | D:1      | Reached XP level 1. HP: 9/9 MP: 5/5
   685 | D:1      | Reached XP level 2. HP: 7/13 MP: 5/7
   689 | D:1      | Learned a level 2 spell: Ensorcelled Hibernation
   951 | D:1      | Reached skill level 5 in Stealth
  1353 | D:1      | Reached XP level 3. HP: 14/16 MP: 0/9
  1999 | D:2      | Learned a level 3 spell: Confuse
  2003 | D:2      | Learned a level 3 spell: Dazzling Spray
  2110 | D:2      | You fall through a shaft!
  2218 | D:3      | Reached XP level 4. HP: 15/21 MP: 0/11
  2223 | D:3      | Learned a level 3 spell: Tukima's Dance
  2373 | D:3      | Reached skill level 5 in Spellcasting
  2906 | D:3      | Found a shimmering altar of Xom.
  3124 | D:4      | Reached XP level 5. HP: 11/24 MP: 8/14
  3409 | D:4      | Reached XP level 6. HP: 22/28 MP: 0/16
  4314 | D:5      | Entered Level 5 of the Dungeon
  4384 | D:5      | Noticed a sky beast
  4446 | D:5      | Killed a sky beast
  4446 | D:5      | Reached skill level 10 in Stealth
  4446 | D:5      | Reached XP level 7. HP: 32/32 MP: 10/17
  4509 | D:5      | Found a staircase to the Ecumenical Temple.
  4519 | Temple   | Entered the Ecumenical Temple
  4765 | Temple   | Became a worshipper of Gozag Ym Sagoz the Greedy
  5437 | D:5      | Reached skill level 5 in Dodging
  5560 | D:5      | Found the +4 Vampire's Tooth {vamp}
  5723 | D:6      | Found a snail-covered altar of Cheibriados.
  5726 | D:6      | Noticed Grinder
  5813 | D:6      | Got an iridescent quarterstaff
  5883 | D:6      | Found a sand-covered staircase.
  5963 | Ossuary  | Entered an ossuary
  6414 | Ossuary  | Reached XP level 8. HP: 18/36 MP: 4/18
  6920 | D:6      | Killed Grinder
  6920 | D:6      | Reached skill level 10 in Dodging
  7274 | D:7      | Noticed mhilhors's ghost (novice MfTm)
  7672 | D:7      | Reached skill level 5 in Hexes
  7673 | D:7      | Noticed a hippogriff
  7696 | D:7      | Killed a hippogriff
  7805 | D:7      | Identified the Volume of Mutagenic Calling
  7824 | D:7      | Reached XP level 9. HP: 39/39 MP: 10/19
  8153 | D:7      | HP: 1/39 [wight/halberd of freezing (3)]
  8153 | D:7      | Mangled by a wight

Skill      XL: |  1  2  3  4  5  6  7  8 |
---------------+-------------------------+-----
Spellcasting   | 3 4 6 |  6.0
Hexes          | 4 6 |  6.6
Stealth        | 5 7 10 | 10.0
Dodging        | 8 10 | 10.3
Short Blades   | 4 |  4.8

Action                   |  1- 3 |  4- 6 |  7- 9 || total
-------------------------+-------+-------+-------++-------
Melee: Dagger            |   140 |   105 |   304 ||   549
       Rapier            |       |     4 |       ||     4
 Fire: Hunting sling     |       |    23 |       ||    23
 Cast: Corona            |    19 |     5 |     1 ||    25
       Ensorcelled Hiber |    34 |    38 |    26 ||    98
       Confuse           |       |     6 |    51 ||    57
       Dazzling Spray    |       |       |     1 ||     1
  Use: Scroll            |       |       |    13 ||    13
 Stab: Sleeping          |    27 |    34 |    32 ||    93
       Confused          |       |     3 |    20 ||    23
  Eat: Ration            |       |     1 |     6 ||     7
Armor: Robe              |    24 |     9 |    18 ||    51
Dodge: Dodged            |   129 |    86 |   268 ||   483
